 Dungeon Crawl Stone Soup version 0.32-a0-7-ge934b4519a (webtiles) character file.

Game seed: 6587443014915620394

116 Xavori the Trooper (level 5, -4/40 HPs)
             Began as a Djinni Chaos Knight on Jan 13, 2024.
             Was a Plaything of Xom.
             Slain by a black bear (6 damage)
             ... on level 7 of the Dungeon.
             The game lasted 00:02:48 (3888 turns).

Xavori the Trooper (Djinni Chaos Knight)            Turns: 3888, Time: 00:02:48

Health: -4/40      AC:  7    Str: 10    XL:     5   Next: 20%
Gold:   848        EV: 12    Int: 14    God:    Xom [...*..] SH:  0 Dex: 17

rFire   + + .        a - +0 falchion (chaos)
rCold   x . .        (no shield)
rNeg    + . .        b - +2 leather armour
rPois   ∞            (no helmet)
rElec   .            (no cloak)
rCorr   .            (no gloves)
SInv    +            (boots unavailable)
Will    +....        (no amulet)
Stlth   +            m - ring of wizardry
HPRegen 0.26/turn    n - ring of positive energy
MPRegen 0.00/turn

%: wizardry (x1), infuse magic (-5 HP)
@: flying
A: sickness immunity, fire resistance 2, cold vulnerability 1, float, innate
caster, HP casting, extra vitality 1, iridescent scales 1, see invisible, agile
1, strong-willed 1
a: Renounce Religion


You were on level 7 of the Dungeon.
You worshipped Xom.
You were a favourite toy of Xom.
You visited 1 branch of the dungeon, and saw 5 of its levels.

You collected 848 gold pieces.

Inventory:

Hand Weapons
 a - a +0 falchion of chaos (weapon)
Armour
 b - a +2 leather armour (worn)
Jewellery
 m - a ring of wizardry (left hand)
 n - a ring of positive energy (right hand)
Scrolls
 c - a scroll of butterflies
 f - a scroll of identify {unknown}
 g - a scroll of enchant armour {unknown}
 h - 2 scrolls of revelation {unknown}
 j - 2 scrolls of fog {unknown}
Potions
 d - a potion of haste {unknown}
 e - a potion of mutation
 i - a potion of curing {unknown}
 k - a potion of heal wounds {unknown}
 l - a potion of might {unknown}


   Skills:
 + Level 3.4 Fighting
 + Level 3.1 Long Blades
 + Level 1.9 Armour
 + Level 2.9 Dodging
 * Level 1.8 Spellcasting
 * Level 1.8 Conjurations
 * Level 1.8 Hexes
   Level 0.0 Charms
 * Level 1.8 Summonings
 * Level 1.8 Necromancy
 * Level 1.8 Translocations
   Level 0.0 Transmutations
 * Level 1.8 Fire Magic
 * Level 1.8 Ice Magic
 * Level 1.8 Air Magic
 * Level 1.8 Earth Magic
 * Level 1.8 Alchemy


You knew the following spells:

 Your Spells              Type           Power      Damage    Failure   Level
a - Apportation           Tloc           12%        N/A       6%          1
b - Blink                 Tloc           12%        N/A       9%          2
Your spell library was empty.

Dungeon Overview and Level Annotations

Branches:
Dungeon (4/15)
 Temple: D:4-7

Altars:
Xom


Innate Abilities, Weirdness & Mutations

You are immune to sickness and miasma.
You are immune to poison.
Your flesh is very heat resistant. (rF++)
You are vulnerable to cold. (rC-)
You float through the air rather than walking.
You learn spells naturally, not from books.
Your magical power is your life essence.
You have superior vitality. (+4 MHP)
You are partially covered in iridescent scales. (AC +2)
You have supernaturally acute eyesight. (SInv)
You are agile. (Dex +4, Str/Int -1)
You are strong-willed. (Will+)


Message History

Your magical essence no longer links to wands of the dungeon.
Your vision sharpens.
Iridescent scales grow over part of your body.
The orc hits you but does no damage.
You closely miss the orc. You slash the orc!
You kill the orc!
You hit the black bear.
Lightning courses through the black bear!
The black bear is severely wounded.
The black bear bites you but does no damage.
The black bear claws you but does no damage. x2
You closely miss the black bear.
The black bear is severely wounded.
The black bear bites you but does no damage.
The black bear claws you but does no damage.
The black bear claws you. The orc barely misses you.
The black bear closely misses you. The black bear barely misses you.
The black bear claws you.
* * * LOW HITPOINT WARNING * * *
The orc misses you.
You barely miss the black bear.
The black bear is severely wounded.
The black bear bites you.
* * * LOW HITPOINT WARNING * * *
The black bear claws you.
* * * LOW HITPOINT WARNING * * *
The black bear completely misses you. The orc hits you but does no damage.
You hit the black bear but do no damage.
The black bear is poisoned.
The black bear is severely wounded.
The black bear completely misses you. The black bear claws you.
* * * LOW HITPOINT WARNING * * *
The black bear barely misses you. The orc misses you.
You hit the black bear.
The black bear looks as sick as possible!
The black bear is severely wounded.
The black bear bites you.
You die...
Xom giggles madly!

...........#
...........#
...........#
...........#
...........#
...........+#####
................#
........?.#ho...#
.........h#@...##
####......#....#
#......#....#
#......#....#
#......#....#
#......#....#
#....# #....#


You could see a black bear (extremely poisoned) and an orc.

Vanquished Creatures
  An orc priest (D:3)
  2 adders (D:2)
  A dart slug (D:1)
  3 orcs
  5 bats
  11 endoplasms
  3 giant cockroaches
  9 goblins
  4 hobgoblins
  4 kobolds
  3 quokkas
  3 ball pythons
  4 frilled lizards
  6 rats
59 creatures vanquished.

Notes
Turn   | Place    | Note
-------+----------+-------------------------------------------
     0 | D:1      | Xavori the Djinni Chaos Knight began the quest for the Orb.
     0 | D:1      | Reached XP level 1. HP: 20/20 MP: 0/0
   144 | D:1      | Reached XP level 2. HP: 25/25 MP: 0/0
   560 | D:1      | Reached XP level 3. HP: 27/30 MP: 0/0
   560 | D:1      | Learned a level 1 spell: Apportation
   580 | D:1      | Found a faded altar of an unknown god.
   584 | D:1      | Reached skill level 1 in Spellcasting
   584 | D:1      | Reached skill level 1 in Conjurations
   584 | D:1      | Reached skill level 1 in Hexes
   584 | D:1      | Reached skill level 1 in Summonings
   584 | D:1      | Reached skill level 1 in Necromancy
   584 | D:1      | Reached skill level 1 in Translocations
   584 | D:1      | Reached skill level 1 in Fire Magic
   584 | D:1      | Reached skill level 1 in Ice Magic
   584 | D:1      | Reached skill level 1 in Air Magic
   584 | D:1      | Reached skill level 1 in Earth Magic
   584 | D:1      | Reached skill level 1 in Alchemy
   631 | D:1      | XOM: god gift: 5 stones
   664 | D:1      | XOM: give mutation
   664 | D:1      | Gained mutation: You expend health (3 HP) to strengthen
                  | your wands. [Xom's grace]
   744 | D:1      | XOM: divination: detect creatures
  1404 | D:1      | XOM: god gift: 617 gold pieces
  1550 | D:1      | XOM: scenery: summon butterflies
  1880 | D:1      | XOM: god gift: 17 gold pieces
  1898 | D:1      | XOM: god gift: 2 javelins
  2046 | D:1      | XOM: give mutations
  2046 | D:1      | Gained mutation: Your muscles are strong. (Str +4, Int/Dex
                  | -1) [Xom's mischief]
  2046 | D:1      | Gained mutation: You are agile. (Dex +4, Str/Int -1) [Xom's
                  | mischief]
  2046 | D:1      | Gained mutation: You have very sharp teeth. [Xom's
                  | mischief]
  2046 | D:1      | Lost mutation: Your muscles are strong. (Str +4, Int/Dex
                  | -1) [Xom's mischief]
  2259 | D:1      | XOM: give mutations
  2259 | D:1      | Gained mutation: You have hidden genetic potential. [Xom's
                  | grace]
  2259 | D:1      | Gained mutation: Your spells are a little harder to cast,
                  | but a little more powerful. [Xom's grace]
  3011 | D:1      | XOM: scenery: summon butterflies
  3076 | D:1      | XOM: give mutations
  3076 | D:1      | Gained mutation: You are strong-willed. (Will+) [Xom's
                  | mischief]
  3076 | D:1      | Lost mutation: You have hidden genetic potential. [Xom's
                  | mischief]
  3076 | D:1      | Lost mutation: You have very sharp teeth. [Xom's mischief]
  3098 | D:2      | Reached XP level 4. HP: 30/35 MP: 0/0
  3102 | D:2      | XOM: noise
  3809 | D:3      | XOM: scenery: create altars
  3813 | D:3      | Reached XP level 5. HP: 17/40 MP: 0/0
  3813 | D:3      | Learned a level 2 spell: Blink
  3852 | D:4      | XOM: god gift: small coral ring {god gift}
  3868 | D:4      | You are sucked into a shaft and drop 3 floors!
  3871 | D:7      | Noticed a black bear
  3875 | D:7      | XOM: cast spell 'Dispersal'
  3880 | D:7      | Lost mutation: Your spells are a little harder to cast, but
                  | a little more powerful. [potion of mutation]
  3880 | D:7      | Lost mutation: You expend health (3 HP) to strengthen your
                  | wands. [potion of mutation]
  3880 | D:7      | Gained mutation: You have supernaturally acute eyesight.
                  | (SInv) [potion of mutation]
  3880 | D:7      | Gained mutation: You are partially covered in iridescent
                  | scales. (AC +2) [potion of mutation]
  3887 | D:7      | HP: 2/40 [black bear (3)]
  3888 | D:7      | Slain by a black bear

Illustrated notes

Levels and vault maps discovered:
D:1:      co_arrival_random_square_maze, layout_basic,
          ebering_ecumenical_altar_rust, minivault_4, roderic_roman_lattice
D:2:      layout_basic
D:3:      layout_rooms
D:4:      layout_cave_pools, ebering_ghost_rock_garden, portal_sewer_entry_d,
          minmay_shop_mayhem
D:7:      layout_gridville, nicolae_ru_great_annihilating_truth,
          temple_fountains, nicolae_figureground_sparkle

Skill      XL: |  1  2  3 |
---------------+----------+-----
Spellcasting   | 1 |  1.8
Conjurations   | 1 |  1.8
Hexes          | 1 |  1.8
Summonings     | 1 |  1.8
Necromancy     | 1 |  1.8
Translocations | 1 |  1.8
Fire Magic     | 1 |  1.8
Ice Magic      | 1 |  1.8
Air Magic      | 1 |  1.8
Earth Magic    | 1 |  1.8
Alchemy        | 1 |  1.8
Long Blades    | 3 |  3.1
Fighting       | |  3.4
Armour         | |  1.9
Dodging        | |  2.9

Action                     |  1- 3 |  4- 6 || total
---------------------------+-------+-------++-------
  Melee: Falchion          |    87 |    93 ||   180
    Use: Potion            |       |     1 ||     1
   Stab: Sleeping          |       |     1 ||     1
 Armour: Leather armour    |    63 |    68 ||   131
  Dodge: Dodged            |    57 |    95 ||   152

Table legend: (Time is in decaauts)
 A = Elapsed time spent in this place.
 B = Non-inter-level travel time spent in this place.
 C = Inter-level travel time spent in this place.
 D = Time resting spent in this place.
 E = Time spent auto-exploring this place.
 F = Levels seen in this place.
 G = Mean time per level.
                   A        B        C        D        E       F      G
               +--------+--------+--------+--------+--------+-----+--------+
         Total |   3914 |   3895 |     19 |   2333 |   1165 |   5 |  782.8 |
       Dungeon |   3914 |   3895 |     19 |   2333 |   1165 |   5 |  782.8 |
               +--------+--------+--------+--------+--------+-----+--------+

Top non-repeatable levels by time:
     D:1: 3042 daAuts
     D:2: 709 daAuts
     D:3: 91 daAuts
     D:4: 50 daAuts
     D:7: 20 daAuts
